 Dungeon Crawl Stone Soup version 0.27-a0-96-gb51a1d6fd6 (webtiles) character file.

Game seed: 17611762031385187894

131 Essalna the Magician (level 4, -3/24 HPs)
             Began as a Deep Elf Air Elementalist on Jan 20, 2021.
             Shot with an arrow by a centaur (7 damage)
             ... on level 2 of the Dungeon.
             The game lasted 00:05:53 (2520 turns).

Essalna the Magician (Deep Elf Air Elementalist)    Turns: 2520, Time: 00:05:54

Health: -3/24      AC:  2    Str:  5    XL:     4   Next: 91%
Magic:  11/13      EV: 13    Int: 21    God:
Gold:   159        SH:  0    Dex: 15    Spells: 12/13 levels left

rFire    . . .     SeeInvis +   f - +0 short sword
rCold    . . .     Faith    .   (no shield)
rNeg     . . .     Spirit   .   a - +0 robe
rPois    .         Reflect  .   (no helmet)
rElec    .         Harm     .   (no cloak)
rCorr    .         Rampage  .   (no gloves)
Will     .....                  (no boots)
Stlth    ++........             (no amulet)
HPRegen  0.08/turn              k - ring of see invisible
MPRegen  0.13/turn              (no ring)

@: no status effects
A: no striking features
a: no special abilities


You were on level 2 of the Dungeon.
You visited 1 branch of the dungeon, and saw 2 of its levels.

You collected 159 gold pieces.

Inventory:

Hand Weapons
 f - a +0 short sword (weapon)
Armour
 a - a +0 robe (worn)
Jewellery
 k - a ring of see invisible (left hand)
Scrolls
 b - a scroll of enchant weapon {unknown}
 g - a scroll of fear {unknown}
 h - 2 scrolls of teleportation {unknown}
 i - a scroll of identify {unknown}
 j - 3 scrolls of remove curse {unknown}
Potions
 c - a potion of mutation {unknown}
 d - a potion of might {unknown}
 e - a potion of magic {unknown}


   Skills:
 - Level 2.5 Dodging
 - Level 2.5 Stealth
 + Level 5.0 Spellcasting
 - Level 2.0 Conjurations
 + Level 4.3 Air Magic


You had 12 spell levels left.
You knew the following spells:

 Your Spells              Type           Power        Failure   Level
a - Shock                 Conj/Air       72%          3%          1

Your spell library contained the following spells:

 Spells                   Type           Power        Failure   Level
 Swiftness                Air            23%          2%          2
 Static Discharge         Conj/Air       18%          9%          3
 Airstrike                Air            11%          19%         4
 Lightning Bolt           Conj/Air       9%           63%         5


Dungeon Overview and Level Annotations

Branches:
Dungeon (2/15)

Altars:


Message History

The centaur shoots an arrow.
The arrow misses you.
You see here 2 arrows.
The centaur shoots an arrow.
The arrow barely misses you.
You see here an arrow.
Aiming: Shock (safe; 3% risk of failure)
Press: ? - help, Q - select action Shift-Dir - straight line, f - centaur
Aim: a centaur, wielding a +0 shortbow and quivering 29 arrows (17% to evade)
The zap hits the centaur.
The centaur is lightly wounded.
The centaur shoots an arrow.
The arrow hits you!
Ouch! That really hurt!
* * * LOW HITPOINT WARNING * * *
Aiming: Shock (safe; 3% risk of failure)
Press: ? - help, Q - select action Shift-Dir - straight line, f/p - centaur
Aim: a centaur, wielding a +0 shortbow and quivering 28 arrows (lightly wounded, 17% to evade)
The zap hits the centaur.
The centaur is lightly wounded.
The centaur shoots an arrow.
The arrow closely misses you.
The centaur shoots an arrow.
The arrow hits you!
You die...

##.# #....## ########.##.
#.# ####..### #......#..#.
#.# ##...# #.####......
#.# ###c# #.# ##.....
####.###### #.# ##.#
#....# ..........#
#.###..# ###...
..........# #.....### #..<
..........# ###(......#
####
..........#####.@.#####.##
# ...........#.)..###
#..########
.............####
##......... ##########..##
########## #.†# #
####..#### #
#....÷...#######
#.####.........# #.
#..(#####.############


You could see a centaur.

Vanquished Creatures
  4 gnolls (D:2)
  3 adders (D:2)
  An ooze (D:2)
  4 dart slugs (D:1)
  4 leopard geckos
  7 bats
  4 giant cockroaches
  6 hobgoblins
  2 jackals (D:2)
  3 frilled lizards
  5 goblins
  6 kobolds
  5 rats
54 creatures vanquished.

Notes
Turn   | Place    | Note
-------+----------+-------------------------------------------
     0 | D:1      | Essalna the Deep Elf Air Elementalist began the quest for
                  | the Orb.
     0 | D:1      | Reached XP level 1. HP: 10/10 MP: 6/6
   148 | D:1      | Reached XP level 2. HP: 15/15 MP: 5/8
   479 | D:1      | Reached XP level 3. HP: 9/19 MP: 0/10
  1445 | D:2      | Noticed a centaur
  1546 | D:2      | Reached skill level 4 in Spellcasting
  1714 | D:2      | Reached XP level 4. HP: 10/24 MP: 2/12
  2257 | D:2      | Reached skill level 5 in Spellcasting
  2520 | D:2      | Shot with an arrow by a centaur

Illustrated notes

Levels and vault maps discovered:
D:1:      nicolae_arrival_washed_ashore, layout_loops_ring, st_stairs_11,
          minmay_split_cup_small
D:2:      layout_rooms

Skill      XL: |  1  2  3  4 |
---------------+-------------+-----
Conjurations   | 2 |  2.0
Spellcasting   | 4 5 |  5.0
Air Magic      | 4 |  4.3
Dodging        | |  2.5
Stealth        | |  2.5

Action                   |  1- 3 |  4- 6 || total
-------------------------+-------+-------++-------
Melee: Short sword       |     6 |    11 ||    17
 Cast: Shock             |    89 |    40 ||   129
  Use: Potion            |       |     1 ||     1
Armor: Robe              |     3 |     2 ||     5
Dodge: Dodged            |    15 |    22 ||    37

Table legend: (Time is in decaauts)
 A = Elapsed time spent in this place.
 B = Non-inter-level travel time spent in this place.
 C = Inter-level travel time spent in this place.
 D = Time resting spent in this place.
 E = Time spent auto-exploring this place.
 F = Levels seen in this place.
 G = Mean time per level.
                   A        B        C        D        E       F      G
               +--------+--------+--------+--------+--------+-----+--------+
         Total |   2522 |   2450 |     72 |      0 |   2180 |   2 | 1261.0 |
       Dungeon |   2522 |   2450 |     72 |      0 |   2180 |   2 | 1261.0 |
               +--------+--------+--------+--------+--------+-----+--------+

Top non-repeatable levels by time:
     D:1: 1489 daAuts
     D:2: 1032 daAuts
